 Dungeon Crawl Stone Soup version 0.31.0-11-ge490571c62 (webtiles) character file.

Game seed: 3631211533329489756

50259 booth the Marksminotaur (level 14, -6/116 HPs)
             Began as a Minotaur Hunter on Feb 5, 2024.
             Was a High Priest of Hepliaklqana.
             Mangled by a skeletal warrior
             ... wielding a +0 heavy glaive
              (25 damage)
             ... on level 11 of the Dungeon on Feb 6, 2024.
             The game lasted 01:51:37 (16402 turns).

booth the Marksminotaur (Minotaur Hunter)          Turns: 16402, Time: 01:51:38

Health: -6/116     AC: 12    Str: 16    XL:     14   Next: 19%
Magic:  17/17      EV: 17    Int: 13    God:    Hepliaklqana [*****.]
Gold:   1304       SH:  0    Dex: 21    Spells: 13/13 levels left

rFire   . . .        W - +4 longbow of Mens Rea {speed, rN+ Will+ Str-2 Int+5}
rCold   + + .        (shield currently unavailable)
rNeg    + + +        f - +0 scale mail
rPois   .            G - +0 hat {Stlth+}
rElec   +            R - +0 cloak
rCorr   .            u - +0 pair of gloves
SInv    .            B - +1 pair of boots of Follow the Leader {-Cast rC++ rN+ Str+2}
Will    ++...        U - amulet "Esenonel" {Acrobat rElec Dex+4}
Stlth   ++++         n - ring of positive energy
HPRegen 0.39/turn    m - +4 ring of slaying
MPRegen 0.15/turn

%: no spellcasting, acrobat
@: no status effects
A: reduced essence, horns 2, retaliatory headbutt
a: Renounce Religion, Recall Ancestor, Ancestor Identity, Transference, Idealise


You were on level 11 of the Dungeon.
You worshipped Hepliaklqana.
Hepliaklqana was extremely pleased with you.
You visited 3 branches of the dungeon, and saw 17 of its levels.

You collected 1985 gold pieces.
You spent 681 gold pieces at shops.

Inventory:

Hand Weapons
 g - a +0 arbalest of draining
 l - a +2 dagger of venom
 r - a +8 orcbow of draining
 y - the +3 mace "Dufih" {vamp, *Slow rElec rCorr Str+2}
   (You took it off an orc on level 3 of the Dungeon)

   Str+2:     It affects your strength (+2).
   rElec:     It insulates you from electricity.
   rCorr:     It protects you from acid and corrosion.
   *Slow:     It may slow you when you take damage.
 S - a +0 triple crossbow
 W - the +4 longbow of Mens Rea (weapon) {speed, rN+ Will+ Str-2 Int+5}
   (You acquired it on level 11 of the Dungeon)

   Str-2:     It affects your strength (-2).
   Int+5:     It affects your intelligence (+5).
   rN+:       It protects you from negative energy.
   Will+:     It increases your willpower.
Missiles
 k - 29 poisoned darts
 x - 11 boomerangs
 J - 10 javelins
Armour
 f - a +0 scale mail (worn)
 p - a +0 ring mail
 u - a +0 pair of gloves (worn)
 w - a +3 chain mail
 B - the +1 pair of boots of Follow the Leader (worn) {-Cast rC++ rN+ Str+2}
   (You found it on level 4 of the Dungeon)

   Str+2:     It affects your strength (+2).
   rC++:      It greatly protects you from cold.
   rN+:       It protects you from negative energy.
   -Cast:     It prevents spellcasting.
 G - a +0 hat of stealth (worn)
 R - a +0 cloak (worn)
Jewellery
 m - a +4 ring of slaying (right hand)
 n - a ring of positive energy (left hand)
 K - a ring of see invisible
 U - the amulet "Esenonel" (around neck) {Acrobat rElec Dex+4}
   (You bought it in a shop on level 7 of the Dungeon)

   [amulet of the acrobat]

   Acrobat:   It increases your evasion while moving and waiting.
   Dex+4:     It affects your dexterity (+4).
   rElec:     It insulates you from electricity.
 V - a +5 ring of evasion
Wands
 i - a wand of light (5)
 z - a wand of mindburst (17)
 A - a wand of iceblast (5)
 I - a wand of digging (11)
 L - a wand of flame (22)
 Y - a wand of charming (4)
Scrolls
 a - a scroll of silence
 b - 2 scrolls of butterflies
 c - a scroll of amnesia
 d - 5 scrolls of vulnerability
 h - 11 scrolls of teleportation
 C - 2 scrolls of torment
 E - a scroll of poison
 F - 3 scrolls of fear
 M - 4 scrolls of revelation
 N - 2 scrolls of fog
 O - a scroll of immolation
 T - 6 scrolls of identify
 X - a scroll of blinking
Potions
 e - 12 potions of curing
 j - 3 potions of attraction
 o - 2 potions of brilliance
 q - 2 potions of lignification
 s - 4 potions of enlightenment
 t - 2 potions of might
 v - 3 potions of heal wounds
 D - 2 potions of haste
 H - a potion of invisibility
 P - 2 potions of magic
 Q - 2 potions of mutation


   Skills:
 + Level 13.0 Fighting
 * Level 16.8 Ranged Weapons
 + Level 6.9 Armour
 + Level 12.0 Dodging
 + Level 10.0 Stealth
 + Level 5.5 Invocations


You had 13 spell levels left.
You didn't know any spells.
Your spell library contained the following spells:

 Spells                   Type           Power      Damage    Failure   Level
 Apportation              Tloc           0%         N/A       67%         1
 Necrotise                Necr           0%         1d4       67%         1
 Sting                    Conj/Alch      0%         1d3       67%         1
 Summon Small Mammal      Summ           0%         N/A       67%         1
 Sublimation of Blood     Necr           0%         N/A       82%         2
 Dazzling Flash           Conj/Hex       0%         N/A       96%         3
 Fugue of the Fallen      Necr           0%         N/A       96%         3
 Volatile Blastmotes      Fire/Tloc      0%         2d10      96%         3
 Passage of Golubria      Tloc           0%         N/A       100%        4
 Petrify                  Alch/Erth      0%         N/A       100%        4
 Vhi's Electric Charge    Tloc/Air       0%         N/A       100%        4
 Arcjolt                  Conj/Air       0%         1d10      100%        5
 Irradiate                Conj/Alch      0%         3d11      100%        5
 Silence                  Hex/Air        0%         N/A       100%        5
 Eringya's Noxious Bog    Alch           0%         4d6       100%        6
 Starburst                Conj/Fire      0%         6d3       100%        6
 Infestation              Necr           0%         N/A       100%        8
 Lehudib's Crystal Spear  Conj/Erth      0%         10d2      100%        8
 Maxwell's Capacitive Co  Air            0%         ∞         100%        8


Dungeon Overview and Level Annotations

Branches:
Dungeon (11/15)            Temple (1/1) D:5            Lair (5/5) D:9
  Swamp (0/4) Lair:3        Snake (0/4) Lair:3        Slime (0/5) Lair:4
    Orc (0/2) D:11

Altars:
Ashenzari
Cheibriados
Dithmenos
Elyvilon
Fedhas
Gozag
Hepliaklqana
Kikubaaqudgha
Makhleb
Nemelex Xobeh
Okawaru
Qazlal
Ru
Sif Muna
Trog
Uskayaw
Vehumet
Wu Jian
Xom
Yredelemnul
Zin
The Shining One
Jiyva

Shops:
D:4 (   D:7 =

Annotations:
D:11 2 transporters, zewo's ghost, journeyman GrEE


Innate Abilities, Weirdness & Mutations

Your life essence is reduced to manifest your ancestor. (-10% HP)
You have a pair of horns on your head.
You reflexively headbutt those who attack you in melee.


Message History

The arrow barely misses the skeletal warrior.
The skeletal warrior completely misses you.
Fire: W) +4 longbow of Mens Rea {speed, rN+ Will+ Str-2 Int+5}
Press: ? - help, Q - select action, (/) - cycle Shift-Dir - straight line, f/p - skeletal warrior
Aim: a skeletal warrior, wielding a +0 war axe (moderately damaged, 77% to hit)
You shoot an arrow. The arrow hits the skeletal warrior!
The skeletal warrior is heavily damaged.
Fire: W) +4 longbow of Mens Rea {speed, rN+ Will+ Str-2 Int+5}
Press: ? - help, Q - select action, (/) - cycle Shift-Dir - straight line, f/p - skeletal warrior
Aim: a skeletal warrior, wielding a +0 war axe (heavily damaged, 77% to hit)
You shoot an arrow. The arrow hits the skeletal warrior!
The skeletal warrior is severely damaged.
The skeletal warrior barely misses you. You furiously retaliate!
You headbutt the skeletal warrior!
Fire: W) +4 longbow of Mens Rea {speed, rN+ Will+ Str-2 Int+5}
Press: ? - help, Q - select action, (/) - cycle Shift-Dir - straight line, f/p - skeletal warrior
Aim: a skeletal warrior, wielding a +0 war axe (almost destroyed, 77% to hit)
You shoot an arrow.
The arrow hits the skeletal warrior but does no damage.
The skeletal warrior is almost destroyed.
The skeletal warrior closely misses you.
The skeletal warrior hits you with a +0 war axe!
You shoot an arrow.
The arrow closely misses the skeletal warrior.
The skeletal warrior hits you but does no damage.
The skeletal warrior hits you with a +0 war axe!!
You shoot an arrow. The arrow hits the skeletal warrior!
The skeletal warrior is moderately damaged.
The skeletal warrior hits you from afar with a +0 heavy glaive!!
You shoot an arrow. The arrow hits the skeletal warrior!!
The skeletal warrior is heavily damaged.
The skeletal warrior hits you with a +0 mace.
The skeletal warrior hits you with a +0 war axe!!
* * * LOW HITPOINT WARNING * * *
You shoot an arrow. The arrow hits the skeletal warrior.
The skeletal warrior is severely damaged.
The skeletal warrior hits you with a +0 mace!
* * * LOW HITPOINT WARNING * * *
The skeletal warrior hits you from afar with a +0 heavy glaive!!
You die...

......................# #
.................<....## #
...................#...#
..................###..##
.............(....###...##
..............#..#.......####
.............##..............
....)$....zzz......#####..... ..
........z..#@....###...###..# ..
...........###..####.....##.. ...
..........####.[#..###....#..
.............###...##.## #....##.
............#......#T..#.....§W#.
..................©#T.o.%_.#..O#©
..........#....##..#...#y.§≈#..#.
.........###..# ##.##.#≈# # #.##.
...... .# ##.. #..### # ..##..


You could see 3 skeletal warriors.

Vanquished Creatures
  Gastronok (D:10)
  2 hydras
  A boulder beetle (Lair:1)
  12 death yaks (Lair:5)
  A hell hog (Lair:5)
  2 two-headed ogres
  A lindwurm (Lair:5)
  A bog body (Lair:3)
  4 black mambas
  Joseph (D:10)
  A gargoyle (D:10)
  8 cane toads
  A torpor snail (Lair:5)
  A rime drake (Lair:5)
  3 kobold demonologists (D:11)
  6 komodo dragons
  8 polar bears (Lair:5)
  A troll (D:9)
  Grinder (D:3)
  Prince Ribbit (D:6)
  16 blink frogs
  A raiju (Lair:5)
  A dream sheep (Lair:5)
  4 slime creatures (D:10)
  A vampire (D:11)
  A wyvern (Lair:3)
  2 wraiths
  7 basilisks
  41 yaks
  4 wargs (Lair:5)
  A steam dragon (Lair:1)
  2 acid dragons (D:11)
  9 water moccasins
  11 hell hounds (Lair:5)
  11 black bears
  2 orc warriors
  An ice beast (D:7)
  27 wolves
  3 centaurs
  The ghost of TheBioAlchemist the Insei, an amateur OpSh (D:3)
  4 kobold brigands
  7 bullfrogs
  2 gnoll sergeants
  2 scorpions (D:4)
  17 killer bees
  4 howler monkeys
  2 lava snakes (Lair:3)
  2 hounds (D:6)
  3 jellies
  2 bombardier beetles (D:6)
  3 orc priests
  A gnoll bouda (D:7)
  Jessica (D:3)
  2 iguanas
  Natasha (twice) (D:2)
  8 orc wizards
  4 hell rats (Lair:4)
  Robin (D:3)
  12 gnolls
  7 adders
  A river rat (Lair:4)
  A white imp (D:6)
  2 ufetubi (D:6)
  2 ribbon worms (D:4)
  2 dart slugs
  37 orcs
  12 ball pythons
  7 bats
  10 endoplasms
  5 giant cockroaches
  16 goblins
  16 hobgoblins
  4 quokkas
  6 frilled lizards
  15 kobolds
  13 rats
438 creatures vanquished.

Vanquished Creatures (collateral kills)
  2 hydras
  A skeletal warrior (D:11)
  A bog body (Lair:3)
  A salamander (Lair:3)
  A black mamba (Lair:3)
  2 komodo dragons (Lair:3)
  A kobold demonologist (D:11)
  A polar bear (Lair:5)
  3 blink frogs
  A raiju (Lair:5)
  10 yaks
  2 wargs (Lair:5)
  2 hell hounds (Lair:5)
  2 water moccasins
  A black bear (Lair:5)
  3 wolves
  4 bullfrogs
  3 killer bees
  2 electric eels (D:10)
  A hound (D:6)
  2 hell rats (Lair:4)
  2 gnolls (D:7)
  A river rat (Lair:4)
  A rat (Lair:4)
50 creatures vanquished.

Vanquished Creatures (others)
  10 hexers
  An ancestor (D:7)
11 creatures vanquished.

Grand Total: 499 creatures vanquished

Notes
Turn   | Place    | Note
-------+----------+-------------------------------------------
     0 | D:1      | booth the Minotaur Hunter began the quest for the Orb.
     0 | D:1      | Reached XP level 1. HP: 18/18 MP: 0/0
    40 | D:1      | Reached skill level 1 in Stealth
    42 | D:1      | Reached XP level 2. HP: 25/25 MP: 1/1
   361 | D:1      | Reached XP level 3. HP: 30/30 MP: 2/2
   575 | D:2      | Reached skill level 5 in Ranged Weapons
   701 | D:2      | Noticed Natasha
   709 | D:2      | Killed Natasha
   710 | D:2      | Reached XP level 4. HP: 34/38 MP: 3/3
   785 | D:2      | Noticed Natasha
   789 | D:2      | Killed Natasha
  1024 | D:2      | Identified a scroll of acquirement
  1024 | D:2      | Acquired a +6 orcbow of draining
  1124 | D:3      | Noticed TheBioAlchemist's ghost (amateur OpSh)
  1125 | D:3      | Found a runed translucent gate.
  1125 | D:3      | Found a runed translucent gate.
  1125 | D:3      | Found a runed translucent gate.
  1128 | D:3      | Identified the +3 mace "Dufih" {vamp, *Slow rElec rCorr
                  | Str+2}
  1164 | D:3      | Noticed Jessica
  1166 | D:3      | Killed Jessica
  1167 | D:3      | Reached XP level 5. HP: 45/45 MP: 4/4
  1168 | D:3      | Noticed Grinder
  1178 | D:3      | Killed Grinder
  1179 | D:3      | Reached skill level 6 in Ranged Weapons
  1179 | D:3      | Reached XP level 6. HP: 40/52 MP: 5/5
  1546 | D:3      | Noticed Robin
  1548 | D:3      | Killed Robin
  2293 | D:3      | Killed TheBioAlchemist's ghost
  2404 | D:3      | Acquired 639 gold pieces
  2474 | D:4      | Reached XP level 7. HP: 60/60 MP: 6/6
  2649 | D:4      | Found an opulent altar of Gozag.
  2683 | D:4      | Identified the +1 pair of boots of Follow the Leader {-Cast
                  | rC++ rN+ Str+2}
  2788 | D:4      | Found an ornate altar of the Wu Jian Council.
  2788 | D:4      | Found a shimmering blue altar of Sif Muna.
  2794 | D:4      | Reached skill level 7 in Ranged Weapons
  3110 | D:4      | Reached skill level 5 in Fighting
  3161 | D:4      | Found Viff's Weapon Shop.
  3580 | D:5      | Entered Level 5 of the Dungeon
  3799 | D:5      | Found a staircase to the Ecumenical Temple.
  3815 | Temple   | Entered the Ecumenical Temple
  3827 | Temple   | Became a worshipper of Hepliaklqana the Forgotten
  4334 | D:5      | Found a stormy altar of Qazlal.
  4432 | D:6      | Noticed Prince Ribbit
  4442 | D:6      | Killed Prince Ribbit
  4443 | D:6      | Reached skill level 5 in Dodging
  4443 | D:6      | Reached XP level 8. HP: 69/69 MP: 7/7
  4450 | D:6      | Reached skill level 8 in Ranged Weapons
  4829 | D:6      | Reached * piety under Hepliaklqana
  5346 | D:7      | Reached skill level 9 in Ranged Weapons
  5583 | D:7      | Reached XP level 9. HP: 70/70 MP: 8/8
  5664 | D:7      | Reached ** piety under Hepliaklqana
  5665 | D:7      | Remembered your ancestor Tallow as a hexer
  5989 | D:7      | Reached skill level 5 in Stealth
  6004 | D:7      | Found Tomay's Jewellery Boutique.
  6528 | D:8      | Noticed a two-headed ogre
  6533 | D:8      | Killed a two-headed ogre
  6534 | D:8      | Reached skill level 10 in Ranged Weapons
  6562 | D:8      | Found a shadowy altar of Dithmenos.
  7213 | D:9      | Found a staircase to the Lair.
  7258 | D:9      | Noticed a troll
  7264 | D:9      | Killed a troll
  7272 | D:9      | Reached XP level 10. HP: 79/79 MP: 9/9
  7368 | D:9      | Found a hide-covered altar of Uskayaw.
  7403 | D:9      | Reached skill level 11 in Ranged Weapons
  7496 | D:9      | Noticed a two-headed ogre
  7500 | D:9      | Killed a two-headed ogre
  7505 | D:9      | Reached *** piety under Hepliaklqana
  7811 | D:10     | Entered Level 10 of the Dungeon
  7896 | D:10     | Reached skill level 12 in Ranged Weapons
  8128 | D:10     | Noticed Gastronok
  8138 | D:10     | Killed Gastronok
  8139 | D:10     | Reached XP level 11. HP: 67/87 MP: 10/10
  8474 | D:10     | Noticed Joseph
  8528 | D:10     | Killed Joseph
  8626 | D:10     | Identified the +0 quarterstaff of Kippy {antimagic, Fly
                  | Dex+2}
  8794 | D:10     | Found an iron altar of Okawaru.
  8796 | D:10     | Found a sparkling altar of Nemelex Xobeh.
  8796 | D:10     | Found a shimmering altar of Xom.
  8798 | D:10     | Found a glowing silver altar of Zin.
  8798 | D:10     | Found a shadowy altar of Dithmenos.
  8798 | D:10     | Found a hide-covered altar of Uskayaw.
  9010 | Lair:1   | Entered Level 1 of the Lair of Beasts
  9022 | Lair:1   | Reached skill level 13 in Ranged Weapons
  9023 | Lair:1   | Noticed a boulder beetle
  9040 | Lair:1   | Killed a boulder beetle
  9041 | Lair:1   | Reached skill level 10 in Fighting
  9358 | Lair:1   | Got Sif Muna's Compendium of Metamorphic Spooky Words
  9720 | Lair:1   | Reached skill level 14 in Ranged Weapons
 10098 | Lair:2   | Reached skill level 10 in Dodging
 10123 | Lair:2   | Reached XP level 12. HP: 97/97 MP: 11/11
 10260 | Lair:2   | Found a gate leading to a gauntlet.
 10272 | Lair:2   | Found a stormy altar of Qazlal.
 10314 | Lair:2   | Reached **** piety under Hepliaklqana
 11017 | Lair:3   | Reached skill level 1 in Armour
 11024 | Lair:3   | Reached skill level 1 in Invocations
 11054 | Lair:3   | Found a staircase to the Swamp.
 11391 | D:7      | Bought the amulet "Esenonel" {Acrobat rElec Dex+4} for 681
                  | gold pieces
 11561 | Lair:3   | Reached skill level 15 in Ranged Weapons
 11817 | Lair:3   | Found a staircase to the Snake Pit.
 12315 | Lair:4   | Noticed a five-headed hydra
 12319 | Lair:4   | Killed a five-headed hydra
 12458 | Lair:4   | Noticed a six-headed hydra
 12465 | Lair:4   | Killed a six-headed hydra
 12506 | Lair:4   | Reached XP level 13. HP: 105/105 MP: 14/14
 12585 | Lair:4   | Found a hazy altar of Hepliaklqana.
 12633 | Lair:4   | Found a viscous altar of Jiyva.
 12633 | Lair:4   | Found a staircase to the Slime Pits.
 13050 | Lair:5   | Entered Level 5 of the Lair of Beasts
 13917 | Lair:5   | Reached skill level 5 in Armour
 14114 | Lair:5   | Reached skill level 16 in Ranged Weapons
 14315 | Lair:5   | Reached ***** piety under Hepliaklqana
 14646 | Lair:5   | Reached skill level 5 in Invocations
 14980 | Lair:5   | Reached XP level 14. HP: 114/114 MP: 16/16
 15737 | D:11     | Acquired the +4 longbow of Mens Rea {speed, rN+ Will+ Str-2
                  | Int+5}
 15765 | D:11     | Reached skill level 10 in Stealth
 15965 | D:11     | Found a staircase to the Orcish Mines.
 16168 | D:11     | Noticed zewo's ghost (journeyman GrEE)
 16170 | D:11     | Found a bloodstained altar of Trog.
 16352 | D:11     | Found a transporter.
 16355 | D:11     | Found a transporter.
 16402 | D:11     | Mangled by a skeletal warrior

Illustrated notes

Levels and vault maps discovered:
D:1:      amcnicky_arrival_gap_in_the_tavern_cellar, layout_rooms,
          moated_statue, wander_ebering_terrifying_dragon_lair
D:2:      layout_rooms, uniq_natasha
D:3:      layout_loops_ring, biasface_ghost_orc_armoury,
          minmay_increasing_density, uniq_jessica, uniq_grinder, uniq_robin
D:4:      layout_basic, gammafunk_temple_overflow_pools,
          nicolae_gozag_cash_rules_everything_around_me, serial_shops,
          nicolae_shop_trees, grunt_decor_cap, minivault_4
D:5:      layout_loops_ring, nicolae_overflow_hidden_temple,
          minmay_temple_entry_junction, serial_glass, glass_columns_a,
          glass_columns_a
D:6:      layout_cave_pods, nicolae_hexahallways, uniq_prince_ribbit1
D:7:      layout_layer_cave, serial_shops, kennysheep_mini
D:8:      layout_basic, grunt_dithmenos_smoke, serial_glass, glass_columns_a,
          glass_columns_a, nicolae_twisty_statue_hallways, uniq_jeremiah
D:9:      layout_basic, nicolae_uskayaw_dance_hall, lair_entry_dummy
D:10:     layout_basic, doesnt_xom_only_xom, uniq_joseph, uniq_gastronok
D:11:     layout_layer_cave, orc_0_dummy, gammafunk_ghost_wrathful_warriors,
          lightli_orcish_oven
Temple:   nicolae_temple_no_exploring_needed
Lair:1:   layout_small_grid
Lair:2:   layout_gridlike, gauntlet_entry_generic, basic_altar
Lair:3:   layout_loops_ring, skrybe_swamp_entry_bodies,
          nicolae_snake_entry_warm_welcome, serial_bayou_shore_b
Lair:4:   layout_loops_ring, dpeg_slime_entry_enclosed, basic_altar,
          kennysheep_abandoned_house, grunt_megastairs_3
Lair:5:   hangedman_lair_caniforms_friends, layout_cellular_growth,
          infiniplex_staircase_pool_2

Skill      XL: |  1  2  3  4  5  6  7  8  9 10 11 12 13 14 |
---------------+-------------------------------------------+-----
Stealth        | 1 2 3 4 5 7 8 9 10 | 10.0
Fighting       | 3 4 5 6 8 9 10 11 12 13 | 13.0
Ranged Weapons | 5 6 7 9 10 12 14 15 16 | 16.8
Dodging        | 3 4 5 6 7 8 10 11 12 | 12.0
Armour         | 4 6 |  6.9
Invocations    | 3 5 |  5.5

Action                     |  1- 3 |  4- 6 |  7- 9 | 10-12 | 13-15 || total
---------------------------+-------+-------+-------+-------+-------++-------
   Fire: Shortbow          |    99 |    13 |       |       |       ||   112
         Orcbow            |       |    81 |   210 |   418 |   319 ||  1028
         Longbow           |       |       |       |       |    62 ||    62
  Throw: Boomerang         |       |     6 |       |       |       ||     6
 Invoke: Ancestor Identity |       |       |     1 |       |       ||     1
         Ancestor Life: He |       |       |     1 |       |       ||     1
         Idealise          |       |       |       |     1 |       ||     1
    Use: Scroll            |     2 |     6 |    11 |     5 |     4 ||    28
         Potion            |     1 |     1 |     3 |       |     1 ||     6
 Armour: Leather armour    |    12 |    16 |    16 |    37 |       ||    81
         Ring mail         |     5 |     1 |       |       |       ||     6
         Scale mail        |       |       |       |    24 |    91 ||   115
  Dodge: Dodged            |    19 |    15 |    24 |    66 |   127 ||   251
